Map: Pillars of Gold LE

Players

LiquidMaNa (MaNa)

  • Race: Protoss Protoss
  • League: Grandmaster
  • Spawn Location: 1:00

MarineLorD - Winner!

  • Race: Terran Terran
  • League: Master
  • Spawn Location: 7:00

Event: DreamHack SC2 Masters 2020 Fall

VOD

Have the link to the VOD?

Description

Time

  • Played on: Sept. 10, 2020, 11:29 a.m.
  • Length: 16:11

All games in this series

Show
View Real Time Build Order
Export as new Build Order

LiquidMaNa Protoss 

Build Orders: 1 Gate Expand, Blink Stalkers 

Get SALT Encoding   

  12  0:00  Probe  
  13  0:12  Probe  
  14  0:18  Pylon  
  14  0:24  Probe (Chrono Boost)  
  15  0:37  Probe (Chrono Boost)  
  15  0:38  Gateway  
  16  0:44  Probe (Chrono Boost)  
  16  0:46  Assimilator  
  17  0:51  Probe  
  18  1:03  Probe  
  19  1:15  Probe  
  20  1:28  Cybernetics Core  
  20  1:35  Nexus  
  20  1:39  Probe  
  21  1:49  Assimilator  
  21  1:53  Pylon  
  21  1:55  Probe  
  22  2:04  Warp Gate  
  22  2:08  Probe  
  23  2:09  Adept (Chrono Boost)  
  25  2:20  Probe  
  26  2:28  Twilight Council  
  26  2:31  Adept (Chrono Boost)  
  26  2:32  Probe  
  30  2:44  Probe  
  30  2:53  Stalker  
  30  2:54  Blink (Chrono Boost), Probe  
  30  2:56  Probe  
  34  3:06  Probe  
  34  3:08  Probe  
  36  3:18  Probe  
  36  3:19  Gateway  
  37  3:22  Probe  
  38  3:32  Robotics Facility  
  39  3:35  Probe (Chrono Boost)  
  39  3:36  Probe (Chrono Boost)  
  40  3:45  Probe (Chrono Boost)  
  40  3:46  Probe (Chrono Boost)  
  42  3:53  Stalker  
  42  3:54  Probe  
  45  3:56  Probe  
  46  4:02  Pylon  
  46  4:03  Pylon  
  46  4:15  Nexus  
  46  4:16  Probe  
  46  4:20  Probe  
  46  4:22  Observer (Chrono Boost)  
  48  4:27  Stalker x2  
  48  4:28  Probe  
  53  4:33  Pylon, Probe  
  53  4:36  Assimilator  
  54  4:40  Probe  
  54  4:43  Observer (Chrono Boost), Pylon  
  54  4:45  Probe  
  57  4:52  Probe, Stalker  
  60  4:54  Stalker  
  60  4:57  Probe  
  63  5:04  Warp Prism, Probe  
  63  5:06  Observer  
  66  5:07  Charge  
  66  5:11  Observer  
  66  5:14  Observer, Gateway  
  66  5:17  Gateway  
  66  5:19  Sentry  
  68  5:26  Probe x2  
  70  5:31  Gateway  
  70  5:33  Gateway  
  70  5:41  Gateway  
  70  5:42  Probe x2  
  72  5:44  Probe  
  73  5:54  Probe x2  
  73  5:55  Shield Battery  
  73  5:56  Probe  
  75  5:59  Observer  
  75  6:00  Zealot x2  
  80  6:06  Probe x2  
  80  6:09  Probe  
  83  6:15  Stalker x2  
  82  6:22  Probe x2  
  84  6:27  Zealot x2  
  88  6:35  Pylon, Probe  
  88  6:36  Probe  
  88  6:37  Pylon  
  90  6:50  Probe  
  90  6:51  Assimilator  
  91  6:55  Stalker x3  
  91  6:56  Zealot x2, Stalker x2  
  91  6:57  Probe x2  
  107  7:22  Pylon x2  
  107  7:23  Nexus, Pylon  
  107  7:34  Pylon  
  107  7:46  Zealot x7  
  107  7:47  Probe x2  
  123  7:52  Probe  
  123  7:55  Immortal  
  126  7:59  Probe x2  
  116  8:05  Probe  
  116  8:11  Probe  
  112  8:16  Templar Archives  
  112  8:18  Forge x2, Probe x2  
  112  8:26  Stalker  
  112  8:27  Stalker x2  
  116  8:28  Stalker x4  
  116  8:30  Assimilator  
  116  8:31  Psionic Storm  
  126  8:36  Immortal  
  126  8:37  Assimilator, Pylon  
  126  8:38  Protoss Ground Weapons Level 1 (Chrono Boost), Protoss Ground Armor Level 1 (Chrono Boost)  
  131  8:41  Probe x3  
  132  8:53  Probe x3  
  135  8:56  High Templar x3  
  135  9:01  Shield Battery  
  141  9:06  Observer, Photon Cannon  
  141  9:09  Zealot x3, High Templar  
  149  9:15  Photon Cannon  
  149  9:16  Pylon  
  149  9:21  Immortal  
  153  9:33  Probe x2  
  143  9:57  Stalker x7  
  133  10:01  Immortal  
  137  10:18  Zealot x6  
  149  10:23  Probe x2  
  132  10:37  Stalker x6  
  132  10:38  Zealot  
  132  10:40  Probe  
  144  10:44  Probe x2  
  144  10:47  Protoss Ground Weapons Level 2 (Chrono Boost), Protoss Ground Armor Level 2 (Chrono Boost)  
  132  10:52  Assimilator  
  130  11:01  Assimilator  
  130  11:05  Gateway  
  130  11:06  Nexus, Photon Cannon  
  130  11:07  High Templar x3, Photon Cannon  
  130  11:08  Zealot x4, Gateway x2  
  130  11:10  Shield Battery  
  144  11:21  Pylon x2  
  144  11:25  Pylon  
  144  11:29  Pylon  
  144  11:30  Robotics Facility, Robotics Bay  
  144  11:38  Immortal  
  148  11:42  Zealot x5, Sentry x2  
  162  11:47  Photon Cannon  
  162  11:48  Photon Cannon  
  162  11:49  Shield Battery  
  160  12:07  Zealot x6  
  160  12:08  Zealot x3  
  176  12:09  Zealot  
  178  12:17  Immortal (Chrono Boost)  
  178  12:20  Photon Cannon  
  163  12:38  Zealot x4, Stalker x6  
  157  12:50  Archon  
  147  12:53  Colossus (Chrono Boost)  
  147  12:56  Extended Thermal Lance  
  155  13:01  High Templar x4  
  155  13:02  Colossus (Chrono Boost)  
  155  13:05  Protoss Ground Weapons Level 3 (Chrono Boost), Protoss Ground Armor Level 3 (Chrono Boost)  
  163  13:07  Assimilator  
  163  13:08  Assimilator  
  163  13:22  Zealot  
  163  13:23  Zealot x5  
  171  13:49  Zealot x3  
  171  13:50  Zealot x3  
  171  13:53  Observer  
  157  13:59  Nexus  
  157  14:01  Pylon  
  137  14:03  Colossus (Chrono Boost)  
  137  14:05  Zealot x4  
  133  14:12  High Templar x4  
  140  14:24  Disruptor (Chrono Boost), Archon  
  140  14:25  Sentry  
  140  14:30  High Templar x4  
  153  14:36  Archon  
  153  14:37  Archon  
  151  14:40  Disruptor (Chrono Boost), Zealot  
  156  14:47  Zealot x4  
  151  15:05  Nexus  
  147  15:08  Disruptor  
  148  15:16  Disruptor  
  130  15:29  High Templar x2  
  130  15:32  Stalker x2  
  138  15:39  Zealot x2  
  134  15:56  Zealot x2  
Show
View Real Time Build Order
Export as new Build Order

MarineLorD Terran - Winner!

Build Orders: Reaper Expand, Banshee Rush 

Get SALT Encoding   

  12  0:00  SCV  
  13  0:12  SCV  
  14  0:17  Supply Depot  
  14  0:24  SCV  
  15  0:39  SCV  
  15  0:40  Barracks  
  16  0:45  Refinery  
  16  0:51  SCV  
  17  1:03  SCV  
  18  1:15  SCV  
  19  1:27  Reaper  
  19  1:28  Orbital Command  
  20  1:49  Command Center  
  20  1:54  Supply Depot  
  20  1:58  SCV  
  21  2:01  Marine  
  22  2:10  SCV  
  22  2:14  Factory  
  23  2:22  Barracks Reactor  
  23  2:24  SCV  
  23  2:26  Refinery  
  24  2:34  Bunker  
  24  2:36  SCV  
  25  2:53  SCV  
  25  2:57  Hellion, Marine x2  
  30  3:00  Starport  
  30  3:05  Orbital Command  
  30  3:09  SCV  
  31  3:15  Marine x2  
  33  3:20  Factory Tech Lab  
  33  3:21  SCV  
  34  3:33  SCV  
  35  3:34  SCV  
  35  3:35  Marine x2  
  38  3:43  Supply Depot  
  38  3:44  Cloaking Field  
  38  3:45  Banshee  
  42  3:48  SCV  
  42  3:50  SCV  
  43  3:56  Marine x2  
  43  3:57  Supply Depot  
  43  4:00  Factory Tech Lab  
  43  4:02  SCV  
  46  4:05  SCV  
  47  4:11  Supply Depot  
  47  4:14  SCV  
  49  4:17  SCV, Marine x2  
  51  4:26  SCV  
  51  4:28  Engineering Bay  
  51  4:29  Siege Tank, SCV  
  55  4:33  Banshee  
  58  4:38  Marine x2  
  58  4:40  SCV  
  58  4:41  SCV  
  58  4:45  Supply Depot  
  62  4:52  SCV  
  63  4:53  SCV  
  64  5:04  Command Center, SCV  
  64  5:05  SCV  
  64  5:07  Siege Tank  
  69  5:10  Marine  
  69  5:11  Marine  
  69  5:16  SCV  
  69  5:17  SCV  
  69  5:21  Missile Turret  
  71  5:24  Barracks  
  71  5:30  Barracks, SCV x2  
  73  5:42  SCV  
  76  5:46  Siege Tank, Supply Depot  
  76  5:47  Terran Infantry Weapons Level 1  
  76  5:49  Supply Depot  
  77  5:50  Refinery  
  77  5:53  Refinery, SCV  
  78  6:01  Supply Depot  
  78  6:07  SCV x2, Marine x2  
  82  6:12  Marine  
  83  6:19  SCV x2  
  83  6:21  Siege Tank, Starport Reactor  
  83  6:22  Barracks Tech Lab  
  83  6:23  Orbital Command, Stimpack  
  83  6:25  Marine  
  89  6:32  Marauder, Marine  
  91  6:34  SCV, Supply Depot  
  91  6:35  SCV  
  94  6:41  Marauder  
  94  6:45  Orbital Command  
  94  6:47  SCV  
  94  6:53  Marauder  
  96  6:56  SCV  
  96  6:59  Marine x2  
  99  7:01  Supply Depot  
  99  7:02  Medivac, Siege Tank, Marauder  
  106  7:09  Medivac, SCV  
  106  7:10  SCV  
  106  7:11  SCV  
  106  7:15  Marauder  
  113  7:17  Marine x2  
  113  7:22  SCV x2  
  117  7:23  SCV, Marauder  
  117  7:25  Supply Depot  
  117  7:28  Supply Depot  
  117  7:29  Supply Depot  
  120  7:33  Barracks  
  120  7:34  Barracks  
  120  7:36  Marauder  
  122  7:39  Siege Tank  
  122  7:40  SCV x3  
  122  7:41  Terran Infantry Armor Level 1  
  122  7:42  Refinery  
  122  7:43  Refinery  
  128  7:48  Marauder  
  128  7:50  Marine x2  
  125  7:52  SCV x3  
  125  7:53  Combat Shield  
  125  7:57  Marauder  
  120  8:04  SCV x3  
  117  8:08  Marine x2  
  117  8:10  Marauder  
  121  8:14  Medivac  
  121  8:16  SCV x3  
  121  8:18  Marine  
  127  8:25  Viking  
  127  8:26  Marine  
  130  8:28  SCV x3  
  130  8:31  Marauder  
  130  8:33  Marine  
  136  8:37  Siege Tank, Marauder  
  141  8:44  Marine  
  141  8:48  SCV x2, Supply Depot  
  144  8:50  Supply Depot  
  144  8:51  Marine  
  144  8:52  Marauder  
  144  8:54  Armory  
  144  8:55  Engineering Bay, Medivac  
  147  8:56  Medivac  
  147  8:58  Marauder  
  147  8:59  SCV  
  147  9:00  SCV  
  147  9:02  Supply Depot x2  
  155  9:03  Missile Turret  
  155  9:05  Barracks Tech Lab  
  155  9:12  Concussive Shells, Barracks Reactor  
  155  9:14  Command Center  
  155  9:18  Ghost Academy  
  155  9:19  SCV x2  
  155  9:22  Marine  
  155  9:23  Marauder x2, Marine  
  163  9:28  Marauder  
  165  9:40  Marine x2  
  165  9:43  Barracks x2, Siege Tank  
  165  9:44  Barracks, Marauder x2  
  165  9:45  Medivac x2  
  176  9:49  Marine x2  
  171  9:53  Marine  
  171  9:58  Marine  
  167  10:06  Marauder x2  
  171  10:07  Marauder, Marine x2  
  175  10:14  Terran Infantry Weapons Level 2  
  175  10:15  Medivac, Terran Vehicle Weapons Level 1, Siege Tank  
  175  10:18  Terran Infantry Armor Level 2  
  180  10:21  Marine  
  180  10:27  Marauder  
  180  10:28  Marauder, Marine  
  157  10:30  Marauder, Marine x2  
  157  10:34  Marine  
  145  10:37  Marine x2  
  135  10:47  Siege Tank, Marine x2  
  135  10:48  Marauder  
  134  10:50  Marauder  
  134  10:51  Marauder  
  134  10:57  Marine x5  
  134  11:01  SCV x3  
  139  11:05  Marine x2  
  139  11:07  Enhanced Shockwaves  
  141  11:14  Ghost  
  141  11:15  Sensor Tower  
  143  11:18  Marine  
  143  11:19  Marine x4  
  143  11:25  Siege Tank, Refinery  
  151  11:28  Refinery  
  151  11:29  Planetary Fortress  
  151  11:32  Missile Turret  
  151  11:34  Sensor Tower  
  151  11:35  Ghost  
  152  11:48  Ghost  
  152  11:52  Marine x4  
  158  11:57  Siege Tank  
  158  11:58  Marine  
  158  11:59  Marauder, Marine x2  
  166  12:04  Command Center  
  166  12:06  Medivac x2  
  170  12:11  Marauder, Marine x4  
  176  12:16  Marine  
  176  12:18  Marauder  
  179  12:28  Sensor Tower, Orbital Command  
  173  12:31  SCV x2  
  173  12:36  Viking x2  
  172  12:42  Marine x2  
  152  12:47  Marauder, Marine  
  152  12:48  Marine x2  
  152  12:49  Marauder  
  149  12:53  Marauder, Marine x2  
  153  13:00  Marine x2  
  153  13:02  SCV x2  
  153  13:03  Terran Vehicle Weapons Level 2, SCV  
  153  13:04  Terran Infantry Armor Level 3, Terran Infantry Weapons Level 3, Marine  
  159  13:06  Marine x2  
  159  13:07  Refinery  
  159  13:08  Marauder  
  159  13:10  Sensor Tower, Marauder  
  159  13:11  Marine x2  
  167  13:14  Marauder  
  167  13:17  Command Center, Siege Tank  
  167  13:18  Marine x2  
  174  13:22  Marine  
  174  13:24  Marine x2  
  176  13:29  Marine x2  
  176  13:30  Marauder  
  176  13:32  Marauder  
  182  13:36  Marauder, Marine x2  
  182  13:37  Missile Turret  
  182  13:40  Marine  
  182  13:49  Marine x2  
  182  13:51  Marauder, Marine  
  182  13:53  Marauder  
  179  13:57  Marauder, Marine x2  
  179  13:58  Marine x2  
  176  14:04  Siege Tank  
  174  14:12  Marauder, Marine  
  174  14:13  Marine  
  174  14:14  Marauder  
  180  14:19  Marauder  
  180  14:20  SCV x3  
  185  14:26  Marine x2  
  187  14:34  Marauder  
  187  14:36  Marauder  
  187  14:37  Missile Turret  
  189  14:44  Marine x3  
  189  14:45  Marauder  
  194  14:46  Marine  
  194  14:47  Marine x2  
  194  14:50  Marine  
  198  14:55  Marauder  
  199  15:02  Marine  
  199  15:06  Marauder  
  194  15:07  Marauder, Marine x3  
  194  15:10  Marine x3  
  198  15:17  Marauder  
  198  15:20  Marine  
  190  15:24  Marine  
  190  15:25  Marine x2  
  190  15:27  Marauder, Marine  
  183  15:28  Marauder  
  183  15:31  Marine x2  
  183  15:32  SCV  
  183  15:33  SCV x4  
  189  15:38  Marauder, Marine  
  189  15:42  Marine x3  
  192  15:44  SCV  
  192  15:45  Marine  
  192  15:49  Marauder, Marine x2  
  195  15:50  Marauder  
  195  15:56  SCV  

Tags
 
Add a new tag
Caveats
  • Supply blocks, unpowered buildings, or Contaminate may cause inaccurate times.
  • Supply counts are checked every 10 seconds.